 Dungeon Crawl Stone Soup version 0.30-a0-49-g1cef19eb02 (webtiles) character file.

Game seed: 6547559113963915391

18 MrFrogsmire the Digger (level 2, -1/17 HPs)
             Began as an Octopode Earth Elementalist on Sept 3, 2022.
             Slain by a frilled lizard (3 damage)
             ... on level 3 of the Dungeon.
             The game lasted 00:01:31 (211 turns).

MrFrogsmire the Digger (Octopode Earth Elementalist) Turns: 211, Time: 00:01:31

Health: -1/17      AC:  1    Str:  7    XL:     2   Next: 70%
Magic:  2/5        EV: 13    Int: 17    God:
Gold:   40         SH:  0    Dex: 12    Spells: 5/6 levels left

rFire   . . .      SeeInvis .    b - +0 spear
rCold   . . .      Faith    .    (no shield)
rNeg    . . .      Spirit   .    (helmet restricted)
rPois   .          Reflect  .    (no amulet)
rElec   .          Harm     .    (no ring)
rCorr   .          Rampage  .    (no ring)
Will    .....                    (no ring)
Stlth   +++.......               (no ring)
HPRegen 0.05/turn                (no ring)
MPRegen 0.09/turn                (no ring)
                                 (no ring)
                                 (no ring)

@: no status effects
A: almost no armour, amphibious, 8 rings, camouflage 1, gelatinous body 1,
(nimble swimmer 1), tentacles
a: no special abilities


You were on level 3 of the Dungeon.
You visited 1 branch of the dungeon, and saw 3 of its levels.

You collected 40 gold pieces.

Inventory:

Hand Weapons
 b - a +0 spear (weapon)
Scrolls
 c - a scroll of identify {unknown}
 e - a scroll of noise {unknown}
 f - a scroll of enchant armour {unknown}
Potions
 a - a potion of magic
 d - a potion of cancellation {unknown}


   Skills:
 + Level 2.1 Dodging
 + Level 2.6 Stealth
 + Level 2.7 Spellcasting
 + Level 1.0 Transmutations
 + Level 3.2 Earth Magic


You had 5 spell levels left.
You knew the following spells:

 Your Spells              Type           Power      Damage    Failure   Level
a - Sandblast             Erth           26%        2d8       4%          1

Your spell library contained the following spells:

 Spells                   Type           Power      Damage    Failure   Level
 Passwall                 Tmut/Erth      7%         N/A       12%         2
 Stone Arrow              Conj/Erth      14%        3d7       28%         3
 Petrify                  Tmut/Erth      9%         N/A       58%         4


Dungeon Overview and Level Annotations

Branches:
Dungeon (3/15)

Altars:


Innate Abilities, Weirdness & Mutations

You cannot wear most types of armour.
You are amphibious.
You can wear up to eight rings at the same time.
Your skin changes colour to match your surroundings (Stealth+).
Your rubbery body absorbs attacks. (AC +1, EV +1)
((You are camouflaged when in or above water. (Stealth+)))
You have tentacles for arms and can constrict up to eight enemies at once.


Message History

The frilled lizard hisses angrily.
The kobold shouts!
There is an open door here.
A quokka comes into view.
The kobold throws a poisoned dart.
The poisoned dart completely misses you.
You are too injured to fight recklessly!
You are too injured to fight recklessly!
Found a scroll labelled WAGODD RUESUDE.
The kobold barely misses you. The frilled lizard barely misses you.
You completely miss the kobold. Your grab misses the kobold.
Your squeeze misses the kobold.
The kobold hits you with a +0 short sword.
* * * LOW HITPOINT WARNING * * *
The frilled lizard bites you but does no damage.
You hit the kobold but do no damage. You grab the kobold.
You constrict the kobold, but do no damage.
The kobold hits you with a +0 short sword.
* * * LOW HITPOINT WARNING * * *
The frilled lizard closely misses you.
You hit the kobold.
The kobold is moderately wounded.
You constrict the kobold.
You kill the kobold!
The frilled lizard bites you but does no damage.
You hit the quokka. You grab the quokka.
The quokka is moderately wounded.
You constrict the quokka, but do no damage.
The quokka misses you. The frilled lizard misses you.
The quokka closely misses you.
You barely miss the quokka.
The quokka is moderately wounded.
You constrict the quokka, but do no damage.
The frilled lizard bites you but does no damage.
The quokka bites you.
* * * LOW HITPOINT WARNING * * *
You hit the quokka.
The quokka is severely wounded.
You constrict the quokka, but do no damage.
The frilled lizard bites you.
You die...

##...#.# #
#......#.#
######.......#
<..........###
#######.####
#.# ##'##
##...##
#..@).#
#..Zrl..#
#.........#
+.........+
....$......#
...........##
#..8.......##
....?.#...##


You could see an adder zombie, a quokka and a frilled lizard.

Vanquished Creatures
  An adder (D:3)
  2 bats (D:1)
  2 hobgoblins (D:2)
  A quokka (D:1)
  A frilled lizard (D:1)
  2 kobolds
  A rat (D:1)
10 creatures vanquished.

Notes
Turn   | Place    | Note
-------+----------+-------------------------------------------
     0 | D:1      | MrFrogsmire the Octopode Earth Elementalist began the quest
                  | for the Orb.
     0 | D:1      | Reached XP level 1. HP: 11/11 MP: 3/3
   173 | D:2      | Reached XP level 2. HP: 17/17 MP: 3/5
   211 | D:3      | Slain by a frilled lizard

Illustrated notes

Levels and vault maps discovered:
D:1:      heliophobic_arrival_dark_side_of_the_moon, layout_rooms
D:2:      layout_basic, serial_shops, nicolae_shop_behind_doors, shop,
          nicolae_shop_waterfront, shop, shop, minmay_hedge_maze,
          minmay_crystal_water, uniq_sigmund
D:3:      layout_loops_corners, serial_undead, serial_undead_e, serial_undead_e,
          serial_undead_c, serial_undead_d, uniq_natasha

Action                   || total
-------------------------++-------
Melee: Spear             ||     8
       Constrict         ||     3
 Cast: Sandblast         ||    11
Armor: Skin              ||     4
Dodge: Dodged            ||    11

Table legend: (Time is in decaauts)
 A = Elapsed time spent in this place.
 B = Non-inter-level travel time spent in this place.
 C = Inter-level travel time spent in this place.
 D = Time resting spent in this place.
 E = Time spent auto-exploring this place.
 F = Levels seen in this place.
 G = Mean time per level.
                   A        B        C        D        E       F      G
               +--------+--------+--------+--------+--------+-----+--------+
         Total |    216 |     58 |    158 |      0 |      0 |   3 |   72.0 |
       Dungeon |    216 |     58 |    158 |      0 |      0 |   3 |   72.0 |
               +--------+--------+--------+--------+--------+-----+--------+

Top non-repeatable levels by time:
     D:1: 168 daAuts
     D:2: 24 daAuts
     D:3: 23 daAuts
